 Dungeon Crawl Stone Soup version 0.29.0-4-gdea44cf6ec (webtiles) character file.

Game seed: 13510678004102444748

4 qw the Sneak (level 1, 0/14 HPs)
             Began as a Gargoyle Delver on Sept 10, 2022.
             Killed by nerve-wracking pain
             ... invoked by an orc priest
              (3 damage)
             ... on level 5 of the Dungeon.
             The game lasted 00:00:01 (41 turns).

qw the Sneak (Gargoyle Delver)                        Turns: 41, Time: 00:00:02

Health: 0/14       AC:  5    Str: 15    XL:     1   Next: 60%
Magic:  1/1        EV: 11    Int: 10    God:
Gold:   0          SH:  0    Dex: 11    Spells: 0/0 levels left

rFire   . . .      SeeInvis .   a - +0 hand axe
rCold   . . .      Faith    .   (no shield)
rNeg    + . .      Spirit   .   b - +0 leather armour
rPois   inf        Reflect  .   (no helmet)
rElec   +          Harm     .   (no cloak)
rCorr   .          Rampage  .   (no gloves)
Will    .....                   (no boots)
Stlth   +++.......              (no amulet)
HPRegen 0.04/turn               (no ring)
MPRegen 0.07/turn               (no ring)

@: no status effects
A: sickness immunity, AC +2, negative energy resistance 1, electricity
resistance, torment resistance 1, petrification resistance
a: no special abilities


You were on level 5 of the Dungeon.
You visited 1 branch of the dungeon, and saw 1 of its levels.


Innate Abilities, Weirdness & Mutations

You are immune to sickness and miasma.
Your stone body is resilient. (AC +2)
You are immune to poison.
You resist negative energy. (rN+)
You are resistant to electric shocks. (rElec)
You are resistant to unholy torment.
You are immune to petrification.


   Skills:
 - Level 3.2 Fighting
 + Level 2.1 Axes
 - Level 1.5 Dodging
 - Level 5.4 Stealth


You couldn't memorise any spells.
You didn't know any spells.
Your spell library was empty.

Inventory:

Hand Weapons
 a - a +0 hand axe (weapon)
Armour
 b - a +0 leather armour (worn)
Jewellery
 h - an amulet of faith
Wands
 g - a wand of digging (3)
Scrolls
 c - a scroll of fog
 d - a scroll of magic mapping
 e - a scroll of fear
Potions
 f - a potion of haste

Dungeon Overview and Level Annotations

Branches:
Dungeon (5/15)
 Temple: D:4-7

Altars:


Message History

Your Axes skill increases to level 2!
The orc shouts!
A dart slug comes into view.
31 ||| Stepping ~*~*~tactically~*~*~ (stealth).
The orc barely misses you.
You hit the orc.
The orc is moderately wounded.
An orc comes into view. It is wielding a +0 hand axe.
The orc hits you with a +0 hand axe.
You barely miss the orc.
The orc is moderately wounded.
The orc closely misses you.
You hit the orc but do no damage.
The orc is moderately wounded.
The orc barely misses you.
You barely miss the orc.
The orc is moderately wounded.
The orc hits you with a +0 hand axe. The orc hits you but does no damage.
You hit the orc.
You kill the orc!
The dart slug launches a dart at you. The slug dart misses you.
An orc priest comes into view. It is wielding a +0 flail.
The orc priest shouts!
You hit the orc priest.
The orc priest is lightly wounded.
You hear a shout!
The orc priest misses you.
You hear a shout!
You barely miss the orc priest.
The orc priest is lightly wounded.
An orc comes into view. It is wielding a +0 morningstar.
The orc priest hits you with a +0 flail.
You closely miss the orc priest.
The orc priest is lightly wounded.
The orc shouts!
You hit the dart slug.
The orc priest calls down the wrath of Beogh upon you.
Pain shoots through your body!
You die...

## .# #.##
##...#
.....##.
##o......
#@w...#
#.)#..... #..#
.....# .. #..#
....... ##..#
...... #.[.#
#.#....
#...#####.....
#.......#...
##....>.#.#


You could see an orc priest and a dart slug.

Vanquished Creatures
  2 orcs (D:5)
2 creatures vanquished.

Notes
Turn   | Place    | Note
-------+----------+-------------------------------------------
     0 | D:5      | qw the Gargoyle Delver began the quest for the Orb.
     0 | D:5      | Reached XP level 1. HP: 14/14 MP: 1/1
     0 | D:5      | 0 ||| qw: Version: 0.1-a-116-g5d60599
     0 | D:5      | 0 ||| qw: Game counter: 8048
     0 | D:5      | 0 ||| qw: Always use a shield: true
     0 | D:5      | 0 ||| qw: God list: Okawaru
     0 | D:5      | 0 ||| qw: Allow faded altars: false
     0 | D:5      | 0 ||| qw: Do Orc after D:15 true
     0 | D:5      | 0 ||| qw: Do second Lair branch before Depths: true
     0 | D:5      | 0 ||| qw: Lair rune preference: random
     0 | D:5      | 0 ||| qw: Plans: Normal
     0 | D:5      | 0 ||| PLANNING D:1-11
    31 | D:5      | 31 ||| Stepping ~*~*~tactically~*~*~ (stealth).
    38 | D:5      | Noticed an orc priest
    40 | D:5      | HP: 3/14 [orc priest/+0 flail (4)]
    41 | D:5      | Killed from afar by an orc priest

Levels and vault maps discovered:
D:5:      layout_cave_pools, overflow_temple_1_default,
          gammafunk_temple_overflow_wave, uniq_duvessa

Skill      XL: |  1 |
---------------+----+-----
Axes           | 2 |  2.1
Fighting       | |  3.2
Dodging        | |  1.5
Stealth        | |  5.4

Action                   || total
-------------------------++-------
Melee: Hand axe          ||     9
Armor: Leather armour    ||     1
Dodge: Dodged            ||     5

Table legend:
 A = Non-vault XP
 B = Vault XP
 C = Vault XP percentage of total XP
 D = Non-vault monster count
 E = Vault monster count
 F = Vault count percentage of total count
                 A         B        C        D         E       F
            +---------+---------+-------+---------+---------+-------
      Total |       6 |       0 |   0.0 |       2 |       0 |   0.0
            +---------+---------+-------+---------+---------+-------
        D:5 |       6 |       0 |   0.0 |       2 |       0 |   0.0
            +---------+---------+-------+---------+---------+-------
